 Dungeon Crawl Stone Soup version 0.29.1-12-g30fa7ad0bf (webtiles) character file.

Game seed: 14362702648090987894

1474 hawla the Cruncher (level 9, -6/62 HPs)
             Began as a Meteoran Fire Elementalist on Jan 6, 2023.
             Mangled by an orc warrior
             ... wielding a +0 halberd
              (10 damage)
             ... on level 8 of the Dungeon.
             The game lasted 00:11:45 (2223 turns).

hawla the Cruncher (Meteoran Fire Elementalist)     Turns: 2223, Time: 00:11:46

Health: -6/62      AC:  4    Str:  9    XL:     9   Next: 27%
Magic:  11/15      EV: 12    Int: 23    God:
Gold:   71         SH:  0    Dex: 14    Spells: 7/14 levels left

rFire   + . .      SeeInvis .   e - staff of fire
rCold   . . .      Faith    .   (no shield)
rNeg    + . .      Spirit   .   a - +1 robe
rPois   .          Reflect  .   f - +0 hat
rElec   .          Harm     .   (no cloak)
rCorr   .          Rampage  .   p - +0 pair of gloves
Will    +....                   (no boots)
Stlth   +.........              (no amulet)
HPRegen 0.20/turn               m - ring of positive energy
MPRegen 0.14/turn               (no ring)

@: about to teleport, very slightly contaminated, glowing
A: sense surroundings 2, otherworldly, glowing, explore regen
a: no special abilities


You were on level 8 of the Dungeon.
You visited 1 branch of the dungeon, and saw 8 of its levels.

You collected 159 gold pieces.
You spent 88 gold pieces at shops.

Inventory:

Armour
 a - a +1 robe (worn)
 f - a +0 hat (worn)
 p - a +0 pair of gloves (worn)
Magical Staves
 e - a staff of fire (weapon)
Jewellery
 m - a ring of positive energy (left hand)
Wands
 k - a wand of flame (29)
Scrolls
 i - a scroll of enchant armour
 j - a scroll of identify
 s - a scroll of vulnerability {unknown}
 u - a scroll of butterflies {unknown}
Potions
 b - a potion of magic
 c - 6 potions of curing {unknown}
 g - a potion of might
 l - a potion of attraction {unknown}
 n - a potion of degeneration {unknown}
 o - 3 potions of heal wounds {unknown}
 q - a potion of berserk rage {unknown}
 r - a potion of resistance {unknown}
 t - a potion of brilliance {unknown}
 v - a potion of invisibility {unknown}


   Skills:
 + Level 11.0 Staves
 - Level 2.7 Dodging
 - Level 1.4 Stealth
 - Level 3.3 Spellcasting
 - Level 4.7 Conjurations
 - Level 4.7 Fire Magic


You had 7 spell levels left.
You knew the following spells:

 Your Spells              Type           Power      Damage    Failure   Level
a - Foxfire               Conj/Fire      100%       2x1d9     1%          1
b - Scorch                Fire           76%        2d8       2%          2
c - Flame Wave            Conj/Fire      38%        2d10      16%         4

Your spell library contained the following spells:

 Spells                   Type           Power      Damage    Failure   Level
 Shock                    Conj/Air       56%        1d6       4%          1
 Conjure Flame            Conj/Fire      38%        6-21      4%          3
 Inner Flame              Hex/Fire       22%        N/A       13%         3
 Ozocubu's Armour         Ice            3%         N/A       32%         3
 Swiftness                Air            3%         N/A       32%         3
 Airstrike                Air            1%         2d(1-17)  73%         4
 Summon Forest            Summ/Tloc      1%         N/A       97%         5
 Summon Mana Viper        Hex/Summ       3%         N/A       97%         5
 Summon Cactus Giant      Summ           1%         N/A       100%        6
 Ozocubu's Refrigeration  Ice            1%         4d7       100%        7


Dungeon Overview and Level Annotations

Branches:
Dungeon (8/15) Zot: 2579   Temple (0/1) D:7
   Lair: D:8-11

Altars:
Elyvilon
Gozag
Kikubaaqudgha
Zin

Shops:
D:5 :*=*


Innate Abilities, Weirdness & Mutations

You passively map the area around you.
You are easily found by Zot.
You glow in the dark.
You regain HP and MP as you explore.


Message History

The orc is lightly wounded.
The centaur shouts!
The orc wizard shouts!
The orc hits you with a +0 club. The orc wizard casts a spell at you.
You resist with almost no effort.
You hit the orc.
The orc is moderately wounded.
The orc hits you with a +0 club.
The orc wizard casts a spell.
The orc wizard flickers and vanishes!
Deactivating autopickup; reactivate with Ctrl-A.
The centaur wields a +0 shortbow of flaming.
It bursts into flame!
The centaur shoots an arrow.
The arrow hits you. The orc closely misses you.
Something tries to affect you, but you resist.
The centaur shoots an arrow.
The arrow hits you. The arrow burns you. The orc hits you but does no damage.
The orc warrior hits you from afar with a +0 halberd!
The centaur shoots an arrow.
The arrow closely misses you.
Casting: Foxfire (safe; 1% risk of failure)
Confirm with . or Enter, or press ? or * to list all spells.
Casting: Flame Wave (dangerous; 16% risk of failure)
Press: ? - help, Dir - look around, f - activate You feel a surge of power!
You miscast Flame Wave.
You are very lightly contaminated with residual magic.
Nothing appears to happen.
The centaur shoots an arrow.
The arrow hits you! The arrow burns you. The orc barely misses you.
The orc warrior hits you from afar with a +0 halberd!
The centaur shoots an arrow.
The arrow hits you.
* * * LOW HITPOINT WARNING * * *
The orc hits you with a +0 club.
* * * LOW HITPOINT WARNING * * *
The orc warrior hits you from afar with a +0 halberd!
* * * LOW HITPOINT WARNING * * *
The centaur shoots an arrow.
The arrow closely misses you.
As you read the scroll of teleportation, it crumbles to dust.
You feel strangely unstable. The orc hits you with a +0 club.
* * * LOW HITPOINT WARNING * * *
The orc warrior hits you from afar with a +0 halberd!
You die...

,, #.#.##.###*
**,* , *
#.#.##o.., . , ,
, #.#.##.####.P.
, * , ,,
#............. ,
,** , , *
###.##..##.... ,
, ,, , *...##..#
, .# *
,######..# ...,
,* ,*,
###o.##....# * ,
, * #..<@.o{.P.#
,*, , ,,
#.#.c##..P.. , ,
* , * ...#..#
,...., * #####
#..., ... >, , ,
#.# #..#** ..
##..###.#####..#
,.,,
.o.ooo.<........
, ,,, *
###.###.#.......
* * * #.# ###..*


You could see 2 orc warriors, a centaur and an orc.

Vanquished Creatures
  A wyvern (D:7)
  A water moccasin (D:6)
  A sky beast (D:7)
  A black bear (D:4)
  An ice beast (D:5)
  An ogre (D:5)
  2 phantoms
  2 bullfrogs (D:8)
  A scorpion (D:4)
  A howler monkey (D:6)
  An orc priest (D:8)
  7 hounds
  An iguana (D:6)
  4 orc wizards
  6 gnolls
  2 adders
  3 white imps
  A worm (D:4)
  17 orcs
  3 ball pythons
  3 endoplasms (D:4)
  2 hobgoblins (D:4)
  A quokka (D:5)
  2 frilled lizards (D:2)
  A goblin (D:2)
  6 kobolds
72 creatures vanquished.

Vanquished Creatures (others)
  172 foxfires
  2 fungi (D:8)
174 creatures vanquished.

Grand Total: 246 creatures vanquished

Notes
Turn   | Place    | Note
-------+----------+-------------------------------------------
     0 | D:1      | hawla the Meteoran Fire Elementalist began the quest for
                  | the Orb.
     0 | D:1      | Reached XP level 1. HP: 14/14 MP: 5/5
    62 | D:3      | Reached XP level 2. HP: 20/20 MP: 2/7
    65 | D:3      | Learned a level 2 spell: Scorch
    74 | D:3      | Identified the +1 ring mail "Idotic" {rN+}
   171 | D:3      | Found a white marble altar of Elyvilon.
   172 | D:3      | Found an opulent altar of Gozag.
   176 | D:3      | Found an ancient bone altar of Kikubaaqudgha.
   196 | D:3      | Reached XP level 3. HP: 26/26 MP: 3/8
   203 | D:3      | Reached XP level 4. HP: 33/33 MP: 2/10
   232 | D:4      | Learned a level 4 spell: Flame Wave
   472 | D:4      | Reached XP level 5. HP: 38/38 MP: 8/11
   543 | D:4      | Reached skill level 1 in Staves
   543 | D:4      | Reached XP level 6. HP: 45/45 MP: 7/12
   576 | D:4      | Reached skill level 3 in Staves
   655 | D:4      | Noticed a black bear
   659 | D:4      | Killed a black bear
   660 | D:4      | Reached skill level 4 in Staves
   660 | D:4      | Reached XP level 7. HP: 50/50 MP: 8/13
   769 | D:5      | Entered Level 5 of the Dungeon
   777 | D:5      | Reached skill level 5 in Staves
   853 | D:5      | Found Jevopn's Assorted Antiques.
   855 | D:5      | Found Vaisuce's Jewellery Shop.
   860 | D:5      | Bought a scroll labelled WEICEC GEYNTOOL for 28 gold pieces
   897 | D:5      | Reached skill level 6 in Staves
   909 | D:5      | Found Puvvyeh's Assorted Antiques.
   914 | D:5      | Reached skill level 7 in Staves
   914 | D:5      | Reached XP level 8. HP: 57/57 MP: 9/14
   919 | D:5      | Bought a fizzy dark potion for 19 gold pieces
   919 | D:5      | Bought a golden potion for 19 gold pieces
   919 | D:5      | Bought a scroll labelled AMIGEO KAIMANT for 22 gold pieces
  1042 | D:5      | Found Iwkeupoy's Book Emporium.
  1510 | D:6      | Reached skill level 8 in Staves
  1521 | D:6      | Reached skill level 9 in Staves
  1529 | D:6      | Found a glowing silver altar of Zin.
  1957 | D:7      | Found a staircase to the Ecumenical Temple.
  2016 | D:7      | Noticed a wyvern
  2023 | D:7      | Killed a wyvern
  2024 | D:7      | Reached skill level 10 in Staves
  2024 | D:7      | Gained mutation: You passively map the area around you.
                  | [Meteoran growth]
  2024 | D:7      | Reached XP level 9. HP: 26/62 MP: 5/15
  2161 | D:8      | Reached skill level 11 in Staves
  2223 | D:8      | Mangled by an orc warrior

Illustrated notes

Levels and vault maps discovered:
D:1:      dpeg_arrival_tiny_a, layout_loops_ring, minmay_tripent
D:2:      layout_loops_ring, chequers_ecumenical_altar_simple_redux
D:3:      layout_basic, minitemple, nicolae_overflow_squiral,
          kennysheep_minor_cross
D:4:      layout_gridville
D:5:      layout_rooms, serial_shops, nicolae_shop_window_shopping, shop_statue,
          shop, nicolae_shop_trees
D:6:      layout_loops_corners, old_standard_altar
D:7:      minmay_skewed_foursquare, layout_gridville,
          minmay_temple_entry_from_below_a, corner_web_ring,
          nicolae_figureground_sparkle
D:8:      layout_basic, mainiacjoe_overflow_boulevard, gammafunk_ghost_smash

Skill      XL: |  1  2  3  4  5  6  7  8  9 |
---------------+----------------------------+-----
Spellcasting   | 3 |  3.3
Fire Magic     | 4 |  4.7
Conjurations   | 3 4 |  4.7
Staves         | 1 4 7 10 11 | 11.0
Dodging        | |  2.7
Stealth        | |  1.4

Action                   |  1- 3 |  4- 6 |  7- 9 || total
-------------------------+-------+-------+-------++-------
Melee: Staff             |       |     2 |     6 ||     8
 Cast: Foxfire           |    15 |    30 |    54 ||    99
       Scorch            |       |     8 |    25 ||    33
       Flame Wave        |       |     2 |     2 ||     4
  Use: Scroll            |       |       |     9 ||     9
Armor: Robe              |       |     2 |     2 ||     4
Dodge: Dodged            |       |     4 |    14 ||    18
